 Dungeon Crawl Stone Soup version 0.21-a0-440-g28109cb (webtiles) character file.

30 slep the Skirmisher (level 3, -1/29 HPs)
             Began as a Demonspawn Berserker on Nov 11, 2017.
             Was a Follower of Trog.
             Slain by a worm (8 damage)
             ... on level 2 of the Dungeon.
             The game lasted 00:02:34 (577 turns).

slep the Skirmisher (Demonspawn Berserker)           Turns: 577, Time: 00:02:34

Health: -1/29      AC:  5    Str: 17    XL:     3   Next: 3%
Magic:  3/3        EV: 11    Int:  8    God:    Trog [*.....]
Gold:   26         SH:  0    Dex: 13    Spells: 2/2 levels left

rFire    . . .     SeeInvis .   a - +0 falchion
rCold    . . .     Gourm    .   (no shield)
rNeg     . . .     Faith    .   h - +0 ring mail
rPois    .         Spirit   .   (no helmet)
rElec    .         Reflect  .   (no cloak)
rCorr    .         Harm     .   (no gloves)
MR       .....                  (no boots)
Stlth    +.........             (no amulet)
HPRegen  0.09/turn              (no ring)
MPRegen  0.08/turn              (no ring)

@: no status effects
A: demonic guardian 1
a: Berserk, Burn Spellbooks, Renounce Religion


You were on level 2 of the Dungeon.
You worshipped Trog.
Trog was aware of your devotion.
You were not hungry.

You visited 1 branch of the dungeon, and saw 2 of its levels.

You collected 26 gold pieces.

Inventory:

Hand Weapons
 a - a +0 falchion (weapon)
Missiles
 i - 8 javelins (quivered)
Armour
 b - a +0 animal skin
 h - a +0 ring mail (worn)
Scrolls
 f - a scroll of remove curse {unknown}
 g - 2 scrolls of recharging {unknown}
Potions
 d - a potion of haste {unknown}
 e - a potion of brilliance {unknown}
Comestibles
 c - a bread ration


   Skills:
 + Level 3.4 Fighting
 + Level 3.2 Long Blades
 + Level 1.9 Armour
 + Level 2.1 Dodging


You had 2 spell levels left.
You didn't know any spells.

Dungeon Overview and Level Annotations

Branches:
Dungeon (2/15)

Altars:


Innate Abilities, Weirdness & Mutations

A weak demonic guardian rushes to your aid.


Message History

The hobgoblin closely misses you. The worm closely misses you.
You barely miss the hobgoblin.
The hobgoblin is moderately wounded.
The hobgoblin hits you but does no damage.
The worm barely misses you.
You riposte.
You hit the worm.
The worm is lightly wounded.
You hit the hobgoblin but do no damage.
The hobgoblin is moderately wounded.
The hobgoblin closely misses you.
You riposte.
You barely miss the hobgoblin.
The hobgoblin is moderately wounded.
The worm bites you!
* * * LOW HITPOINT WARNING * * *
You hit the hobgoblin.
You kill the hobgoblin!
Trog accepts your kill. The worm barely misses you.
Things that are here:
a club; a hobgoblin corpse The worm bites you!
You die...

##.#.........####.#
#.######.........#
#..## ##.....###.#
##..###.....####
########.#...#......#
...........###..###.#
#...###....†)..###.#
###................#
####@....###.#####
######.w.....##.###
#.......###.....†.#
...........###..#.###
.#.........# #.##...#
#.........###.###>.#
########.......<...#
#.......####
..#######


You could see a worm.

Vanquished Creatures
  An adder (D:2)
  A dart slug (D:1)
  A leopard gecko (D:2)
  5 hobgoblins
  3 kobolds (D:1)
  A bat (D:1)
  A frilled lizard (D:1)
  3 goblins
  A rat (D:1)
17 creatures vanquished.

Notes
Turn   | Place    | Note
-------+----------+-------------------------------------------
     0 | D:1      | slep the Demonspawn Berserker began the quest for the Orb.
     0 | D:1      | Reached XP level 1. HP: 18/18 MP: 1/1
   292 | D:1      | Gained mutation: A weak demonic guardian rushes to your aid. [demonic ancestry]
   292 | D:1      | Reached XP level 2. HP: 10/24 MP: 2/2
   542 | D:2      | Reached XP level 3. HP: 16/29 MP: 3/3
   577 | D:2      | Slain by a worm

Vault maps used:
D:1:      scummos_arrival_hexagon
D:2:      grunt_temple_overflow_order_and_chaos_1,
          nicolae_overflow_hidden_temple

Skill      XL: |  1  2 |
---------------+-------+-----
Long Blades    | 3 |  3.2
Dodging        | 2 |  2.1
Fighting       | |  3.4
Armour         | |  1.9

Action                   || total
-------------------------++-------
Melee: Falchion          ||    53
Armor: Animal skin       ||     2
       Ring mail         ||    14
Dodge: Dodged            ||    36
       Rpst.: Falchion   ||    14

Table legend:
 A = Spawn XP
 B = Non-spawn XP
 C = Spawn XP percentage of total XP
 D = Spawn monster count
 E = Non-spawn monster count
 F = Spawn count percentage of total count
 G = Total turns spent on level
                    A         B        C        D         E        F      G
               +---------+---------+-------+---------+---------+-------+---------
         Total |       0 |      43 |   0.0 |       0 |      17 |   0.0 |   577
               +---------+---------+-------+---------+---------+-------+---------
           D:1 |       0 |      21 |   0.0 |       0 |      12 |   0.0 |   507
           D:2 |       0 |      22 |   0.0 |       0 |       5 |   0.0 |    70
               +---------+---------+-------+---------+---------+-------+---------
